Unix NetHack Version 3.7.0-89 Work-in-progress - last build Sep 24 2023 19:26:52 (48e034876007844a536bf88644040a71d2893410,branch:master). Game began 2023-09-30 15:41:14, ended 2023-09-30 18:00:24. spontiff, neutral male gnomish Healer ---- ...-- ---- ....---..| .....|...-- G .......<..| .B.fB......-- -B@.........| |:--.--..|.-- |.|------ Spontiff the Rhizotomist St:9 Dx:9 Co:16 In:8 Wi:17 Ch:17 Neutral S:257 Dlvl:6 $:1445 HP:0(20) Pw:4(4) AC:6 Xp:1/0 T:2187 Latest messages: In what direction? u Status of the large cat (neutral, small): Level 9 HP 68(72) AC 4, tame, trapped. In what direction? u You reach out your arms and grab the large cat. You pull the large cat out of the pit. What do you want to use or apply? [bilswzS or ?*] s In what direction? u You hear nothing special. With great effort you move the boulder. The boulder fills a pit. You climb up the stairs. What do you want to use or apply? [bilswzS or ?*] s In what direction? j Status of the large cat (neutral, small): Level 9 HP 69(72) AC 4, tame. You descend the stairs. The giant bat bites! What do you want to use or apply? [bilswzS or ?*] s In what direction? j Status of the giant bat (neutral, small): Level 2 HP 7(7) AC 7. The large cat bites the giant bat. The giant bat bites! The large cat bites the giant bat. What do you want to use or apply? [bilswzS or ?*] s In what direction? h Status of the large cat (neutral, small): Level 9 HP 70(72) AC 4, tame. The large cat eats a giant bat corpse. What do you want to use or apply? [bilswzS or ?*] s In what direction? k Status of the large cat (neutral, small): Level 9 HP 70(72) AC 4, tame, eating. What do you want to use or apply? [bilswzS or ?*] s In what direction? k Status of the dwarf (lawful, medium): Level 2 HP 8(8) AC 8, peaceful. You are momentarily blinded by a flash of light! You hear a deafening roar! What do you want to drink? [cdBCN or ?*] ? You feel better. You can see again. You can hear again. The bat bites! The bat bites! You hear some noises. The bat bites! The bat misses! The bat bites! The large cat bites the dwarf. The bat bites! The bat bites! You die... Do you want your possessions identified? [ynq] (y) y Do you want to see the dungeon overview? [ynq] (y) y Inventory: Coins $ - 1445 gold pieces Weapons W - a cursed -1 dart j - a blessed +2 orcish dagger k - an uncursed +0 orcish dagger K - an uncursed +0 scalpel (alternate weapon; not wielded) Armor h - a blessed +0 orcish helm (being worn) g - an uncursed +1 pair of leather gloves (being worn) v - an uncursed +0 pair of elven boots (being worn) q - an uncursed +0 dwarvish cloak (being worn) Q - an uncursed +0 dwarvish cloak Comestibles y - an uncursed apple O - an uncursed food ration p - an uncursed tripe ration Scrolls a - an uncursed scroll of enchant armor r - a blessed scroll of gold detection Spellbooks l - a blessed spellbook of extra healing b - a blessed spellbook of healing i - a blessed spellbook of stone to flesh Potions B - a blessed potion of booze C - 4 uncursed potions of extra healing d - an uncursed potion of invisibility N - a cursed potion of restore ability Rings R - an uncursed ring of searching named !c Wands S - a blessed wand of sleep (0:5) Tools z - an uncursed leash w - an uncursed mirror s - an uncursed stethoscope Gems/Stones o - 2 uncursed agate stones M - an uncursed worthless piece of green glass E - an uncursed worthless piece of orange glass G - an uncursed worthless piece of violet glass Spontiff the Healer's attributes: Background: You were a Rhizotomist, a level 1 male gnomish Healer. You were neutral, on a mission for Hermes who was opposed by Athena (lawful) and Poseidon (chaotic). You were in the Gnomish Mines, on level 6. You entered the dungeon 2187 turns ago. There was a full moon in effect when your adventure ended. You had 0 experience points, 20 were needed to attain level 2. Your score was 257 before end-of-game adjustments. Basics: You had 0 out of 20 hit points. You had all 4 energy points (spell power). Your armor class was 6. Your wallet contained 1445 zorkmids. Autopickup was on for '$!/="?' plus thrown, with exceptions. Final Characteristics: Your strength was 9 (limit:18/50). Your dexterity was 9 (limit:18). Your constitution was 16 (limit:18). Your intelligence was 8 (limit:19). Your wisdom was 17 (limit:18). Your charisma was 17 (limit:18). Final Status: You were not hungry. You were unencumbered. You were empty handed. You were unskilled in bare handed combat. Final Attributes: You were devoutly aligned. You were poison resistant. You had infravision. You were stealthy. You were warded. You were lucky. You are dead. Miscellaneous: You never encountered a bones level. Total elapsed playing time was 1 hour and 59 minutes. Major events: Turn 1: spontiff the neutral male gnomish Healer entered the dungeon 1606: entered the Gnomish Mines 2187: killed by a bat Vanquished creatures: a little dog 3 dwarves a giant bat an iguana a large kobold 6 giant rats 2 yellow molds 2 gnomes 3 geckos 9 jackals a kobold 3 goblins 3 sewer rats 8 grid bugs 2 bats 8 lichens a kobold zombie 5 newts 60 creatures vanquished. No species were genocided or became extinct. Voluntary challenges: You never hit with a wielded weapon. You were a pacifist. You read items or engraved 3 times. You never engraved Elbereth. You never genocided any monsters. You never polymorphed an object. You never changed form. You used no wishes. Achievement: You entered the Gnomish Mines. The Dungeons of Doom: levels 1 to 4 Level 1: A sink. Level 2: Level 3: Level 4: Stairs down to The Gnomish Mines. The Gnomish Mines: levels 5 to 6 Level 5: Level 6: <- You were here. Final resting place for you, killed by a bat. Game over: ---------- / \ / REST \ / IN \ / PEACE \ / \ | spontiff | | 1445 Au | | killed by a bat | | | | | | | | 2023 | *| * * * | * _________)/\\_//(\/(/\)/\//\/|_)_______ Goodbye spontiff the Healer... You died in The Gnomish Mines on dungeon level 6 with 257 points, and 1445 pieces of gold, after 2187 moves. You were level 1 with a maximum of 20 hit points when you died.